ITL
TRENTON STARS @ ALLENTOWN HILLBILLIES
09/24/2027
 
TOP OF THE 1ST
Trenton Stars batting - Pitching for Allentown Hillbillies : RHP Okura Oike
Pitching: RHP Okura Oike
Batting: RHB George Reeves 0-0: Ball
1-0: Foul Ball, location: 2F
1-1: Ball
2-1: Foul Ball, location: 2F
2-2: Ball
3-2: SINGLE (Line Drive, 6D)
Batting: SHB Nick Marshall 0-0: Ball
1-0: TRIPLE (Line Drive, 9LS)
George Reeves scores
Batting: LHB Marvin Morris 0-0: Ball
1-0: Called Strike
1-1: Foul Ball, location: 2F
1-2: Ground out 3-1 (Groundball, 34S)
Nick Marshall scores
Batting: RHB Clancy Booker 0-0: Ground out 4-3 (Groundball, 4MS)
Batting: LHB Lee Burton 0-0: Called Strike
0-1: Ball
1-1: Ball
2-1: Ground out 4-3 (Groundball, 4)
Top of the 1st over - 2 run(s), 2 hit(s), 0 error(s), 0 left on base; Trenton 2 - Allentown 0
BOTTOM OF THE 1ST
Allentown Hillbillies batting - Pitching for Trenton Stars : RHP Darrell Stanley
Pitching: RHP Darrell Stanley
Batting: RHB Dan Banks 0-0: Called Strike
0-1: Foul Ball, location: 2F
0-2: Strikes out swinging
Batting: RHB Justin Harris 0-0: Ball
1-0: Ball
2-0: Foul Ball, location: 2F
2-1: Foul Ball, location: 2F
2-2: DOUBLE (Line Drive, 9LM)
Batting: LHB Eduardo Rodríguez 0-0: Ball
1-0: Called Strike
1-1: Fly out, F9 (Flyball, 9LMF)
Batting: RHB Diego Rivera 0-0: Ball
1-0: Called Strike
1-1: Ball
2-1: Ground out 1-3 (Groundball, 13)
Bottom of the 1st over - 0 run(s), 1 hit(s), 0 error(s), 1 left on base; Trenton 2 - Allentown 0
TOP OF THE 2ND
Trenton Stars batting - Pitching for Allentown Hillbillies : RHP Okura Oike
Batting: RHB Rafael Canales 0-0: Foul Ball, location: 2F
0-1: Swinging Strike
0-2: Ball
1-2: Strikes out swinging
Batting: RHB Gabriel Villegas 0-0: Ball
1-0: Swinging Strike
1-1: Swinging Strike
1-2: Strikes out swinging
Batting: LHB Ju-wei Shiu 0-0: Ball
1-0: Fly out, F4 (Popup, 4D)
Top of the 2nd over - 0 run(s), 0 hit(s), 0 error(s), 0 left on base; Trenton 2 - Allentown 0
BOTTOM OF THE 2ND
Allentown Hillbillies batting - Pitching for Trenton Stars : RHP Darrell Stanley
Batting: LHB Marcos Vargas 0-0: Ball
1-0: Ball
2-0: Ball
3-0: Base on Balls
Batting: RHB Germano Labrego 0-0: Hit by Pitch
Marcos Vargas to second
Batting: RHB Albert Lutz 0-0: Ball
1-0: Called Strike
1-1: Grounds into double play, 5-4-3 (Groundball, 56)
Marcos Vargas to third
Batting: RHB Carl Brown 0-0: Ball
1-0: Called Strike
1-1: Foul Ball, location: 2F
1-2: Ball
2-2: Ball
3-2: Base on Balls
Batting: RHB Joel Jackson 0-0: Swinging Strike
Pickoff Throw to First - Out!
Bottom of the 2nd over - 0 run(s), 0 hit(s), 0 error(s), 0 left on base; Trenton 2 - Allentown 0
TOP OF THE 3RD
Trenton Stars batting - Pitching for Allentown Hillbillies : RHP Okura Oike
Batting: RHB Ángel Garza 0-0: Foul Ball, location: 2F
0-1: Called Strike
0-2: Ball
1-2: Strikes out swinging
Batting: RHB George Reeves 0-0: Called Strike
0-1: Ball
1-1: Foul Ball, location: 2F
1-2: Ball
2-2: Foul Ball, location: 2F
2-2: Foul Ball, location: 2F
2-2: Ball
3-2: Strikes out swinging, 2-3 out at first.
Batting: SHB Nick Marshall 0-0: Called Strike
0-1: Foul Ball, location: 2F
0-2: Ball
1-2: Strikes out swinging
Top of the 3rd over - 0 run(s), 0 hit(s), 0 error(s), 0 left on base; Trenton 2 - Allentown 0
BOTTOM OF THE 3RD
Allentown Hillbillies batting - Pitching for Trenton Stars : RHP Darrell Stanley
Batting: RHB Joel Jackson 0-0: Called Strike
0-1: Hit by Pitch
Batting: RHB Dan Banks 0-0: Fly out, F7 (Flyball, 7LMF)
Batting: RHB Justin Harris 0-0: Ball
1-0: Swinging Strike
1-1: Called Strike
1-2: Strikes out looking
Batting: LHB Eduardo Rodríguez 0-0: Called Strike
0-1: Ball
1-1: Ball
2-1: Ball
3-1: Foul Ball, location: 2F
3-2: Base on Balls
Joel Jackson to second
Batting: RHB Diego Rivera 0-0: Ball
1-0: Called Strike
1-1: Ball
2-1: Swinging Strike
2-2: Strikes out swinging
Bottom of the 3rd over - 0 run(s), 0 hit(s), 0 error(s), 2 left on base; Trenton 2 - Allentown 0
TOP OF THE 4TH
Trenton Stars batting - Pitching for Allentown Hillbillies : RHP Okura Oike
Batting: LHB Marvin Morris 0-0: Ball
1-0: Called Strike
1-1: Ball
2-1: Ground out 4-3 (Groundball, 4M)
Batting: RHB Clancy Booker 0-0: Fly out, F4 (Popup, 34)
Batting: LHB Lee Burton 0-0: Fly out, F8 (Flyball, 8LM)
Top of the 4th over - 0 run(s), 0 hit(s), 0 error(s), 0 left on base; Trenton 2 - Allentown 0
BOTTOM OF THE 4TH
Allentown Hillbillies batting - Pitching for Trenton Stars : RHP Darrell Stanley
Batting: LHB Marcos Vargas 0-0: Ball
1-0: Called Strike
1-1: Foul Ball, location: 2F
1-2: Ball
2-2: Ball
3-2: Base on Balls
Batting: RHB Germano Labrego 0-0: Ball
1-0: Called Strike
1-1: Foul Ball, location: 2F
1-2: Strikes out looking
Batting: RHB Albert Lutz 0-0: Foul Ball, location: 2F
0-1: Foul Ball, location: 2F
0-2: Foul Ball, location: 2F
0-2: Ball
Marcos Vargas steals 2nd base
1-2: Foul Ball, location: 2F
1-2: Ball
2-2: Foul Ball, location: 2F
2-2: Ball
3-2: Foul Ball, location: 2F
3-2: Ground out 6-3 (Groundball, 6)
Batting: RHB Carl Brown 0-0: Foul Ball, location: 2F
0-1: Swinging Strike
0-2: Foul Ball, location: 2F
0-2: Ball
1-2: SINGLE (Line Drive, 89M)
Marcos Vargas to third
Runner from 3rd tries for Home, SAFE, no throw
Batting: RHB Joel Jackson 0-0: Fielders Choice at 2nd, 6-4 (Groundball, 6)
Bottom of the 4th over - 1 run(s), 1 hit(s), 0 error(s), 0 left on base; Trenton 2 - Allentown 1
TOP OF THE 5TH
Trenton Stars batting - Pitching for Allentown Hillbillies : RHP Okura Oike
Batting: RHB Rafael Canales 0-0: Called Strike
0-1: Ball
1-1: Foul Ball, location: 2F
1-2: Foul Ball, location: 2F
1-2: Foul Ball, location: 2F
1-2: Ball
2-2: Ground out 5-3 (Groundball, 56)
Batting: RHB Gabriel Villegas 0-0: DOUBLE (Line Drive, 89M)
Pitching: RHP Pepe Fernández
Batting: LHB Ju-wei Shiu 0-0: Ball
1-0: Foul Ball, location: 2F
1-1: Swinging Strike
1-2: Foul Ball, location: 2F
1-2: Fly out, F8 (Line Drive, 89M)
Batting: RHB Ángel Garza 0-0: Ground out 5-3 (Groundball, 56)
Top of the 5th over - 0 run(s), 1 hit(s), 0 error(s), 1 left on base; Trenton 2 - Allentown 1
BOTTOM OF THE 5TH
Allentown Hillbillies batting - Pitching for Trenton Stars : RHP Darrell Stanley
Batting: RHB Dan Banks 0-0: Called Strike
0-1: Ground out 6-3 (Groundball, 6)
Batting: RHB Justin Harris 0-0: Ground out 6-3 (Groundball, 56)
Batting: LHB Eduardo Rodríguez 0-0: Called Strike
0-1: Ball
1-1: Ball
2-1: Called Strike
2-2: Foul Ball, location: 2F
2-2: Ball
3-2: SINGLE (Groundball, 4MD)
Batting: RHB Diego Rivera 0-0: Called Strike
0-1: Swinging Strike
0-2: Strikes out swinging
Bottom of the 5th over - 0 run(s), 1 hit(s), 0 error(s), 1 left on base; Trenton 2 - Allentown 1
TOP OF THE 6TH
Trenton Stars batting - Pitching for Allentown Hillbillies : RHP Pepe Fernández
Batting: RHB George Reeves 0-0: Swinging Strike
0-1: Ball
1-1: Ball
2-1: Swinging Strike
2-2: Strikes out swinging
Batting: SHB Nick Marshall 0-0: Fly out, F8 (Flyball, 78M)
Batting: LHB Marvin Morris 0-0: Ball
1-0: Ball
2-0: Swinging Strike
2-1: Foul Ball, location: 2F
2-2: Ball
3-2: SOLO HOME RUN (Flyball, 9D), Distance : 356 ft
Pitching: LHP Emílio Trevino
Batting: RHB Clancy Booker 0-0: Ball
1-0: Ball
2-0: Swinging Strike
2-1: Swinging Strike
2-2: Ball
3-2: Strikes out swinging
Top of the 6th over - 1 run(s), 1 hit(s), 0 error(s), 0 left on base; Trenton 3 - Allentown 1
BOTTOM OF THE 6TH
Allentown Hillbillies batting - Pitching for Trenton Stars : RHP Darrell Stanley
Batting: LHB Marcos Vargas 0-0: Ball
1-0: Foul Ball, location: 2F
1-1: Foul Ball, location: 2F
1-2: Ball
2-2: Ground out 3-1 (Groundball, 34)
Batting: RHB Germano Labrego 0-0: Ball
1-0: Ball
2-0: Ball
3-0: Called Strike
3-1: Foul Ball, location: 2F
3-2: Strikes out swinging
Batting: RHB Albert Lutz 0-0: Ball
1-0: Ball
2-0: TRIPLE (Line Drive, 89M)
Pitching: LHP Halewijn Tipping
Batting: RHB Carl Brown 0-0: Foul Ball, location: 2F
0-1: SINGLE (Line Drive, 6MD)
Albert Lutz scores
Batting: RHB Joel Jackson 0-0: Foul Ball, location: 2F
0-1: Foul Ball, location: 2F
0-2: Strikes out looking
Bottom of the 6th over - 1 run(s), 2 hit(s), 0 error(s), 1 left on base; Trenton 3 - Allentown 2
TOP OF THE 7TH
Trenton Stars batting - Pitching for Allentown Hillbillies : LHP Emílio Trevino
Batting: LHB Lee Burton 0-0: Ball
1-0: Ball
2-0: Called Strike
2-1: Foul Ball, location: 2F
2-2: Ball
3-2: Foul Ball, location: 2F
3-2: Foul Ball, location: 2F
3-2: Base on Balls
Pitching: LHP Alberto Maldonado
Batting: RHB Rafael Canales 0-0: Ball
1-0: Ball
2-0: Ball
3-0: Called Strike
3-1: Foul Ball, location: 2F
3-2: Strikes out swinging
Lee Burton is caught stealing 2nd base
Batter strikes out.
Batting: RHB Gabriel Villegas 0-0: Called Strike
0-1: Foul Ball, location: 2F
0-2: DOUBLE (Groundball, 5L)
Pitching: LHP Nick Merrit
Pinch Hitting: RHB Chris Cole 0-0: Ball
1-0: Ball
2-0: Ball
3-0: Base on Balls
Pitching: RHP Dale Downs
Pinch Hitting: LHB Alonzo Medine 0-0: Ball
1-0: SINGLE (Flyball, 9S)
Gabriel Villegas to third
Chris Cole to second
Runner from 3rd tries for Home, SAFE, throw made at trailing runner, OUT at third!
Top of the 7th over - 1 run(s), 2 hit(s), 0 error(s), 1 left on base; Trenton 4 - Allentown 2
BOTTOM OF THE 7TH
Allentown Hillbillies batting - Pitching for Trenton Stars : LHP Halewijn Tipping
Now at 3B: David Nava
Now at SS: Felipe Olivas
Batting: RHB Dan Banks 0-0: Called Strike
0-1: Swinging Strike
0-2: Ball
1-2: Ball
2-2: Strikes out swinging
Batting: RHB Justin Harris 0-0: Ball
1-0: Ball
2-0: Ball
3-0: Base on Balls
Batting: LHB Eduardo Rodríguez 0-0: Ground out 4-3 (Groundball, 34S)
Justin Harris to second
Batting: RHB Diego Rivera 0-0: Ball
1-0: Called Strike
1-1: Ball
2-1: Called Strike
2-2: Foul Ball, location: 2F
2-2: Strikes out looking
Bottom of the 7th over - 0 run(s), 0 hit(s), 0 error(s), 1 left on base; Trenton 4 - Allentown 2
TOP OF THE 8TH
Trenton Stars batting - Pitching for Allentown Hillbillies : RHP Dale Downs
Batting: RHB George Reeves 0-0: Ball
1-0: Fly out, F8 (Flyball, 8LS)
Batting: SHB Nick Marshall 0-0: Ball
1-0: Ground out 6-3 (Groundball, 6M)
Pitching: LHP Alejandro Castillo
Batting: LHB Marvin Morris 0-0: Called Strike
0-1: Ball
1-1: Ball
2-1: Ball
3-1: Foul Ball, location: 2F
3-2: Base on Balls
Batting: RHB Clancy Booker 0-0: Ball
1-0: Ball
2-0: Foul Ball, location: 2F
2-1: Ball
3-1: Called Strike
3-2: Strikes out looking
Top of the 8th over - 0 run(s), 0 hit(s), 0 error(s), 1 left on base; Trenton 4 - Allentown 2
BOTTOM OF THE 8TH
Allentown Hillbillies batting - Pitching for Trenton Stars : LHP Halewijn Tipping
Batting: LHB Marcos Vargas 0-0: Foul Ball, location: 2F
0-1: Foul Ball, location: 2F
0-2: Ball
1-2: Fly out, F8 (Flyball, 8LM)
Batting: RHB Germano Labrego 0-0: Called Strike
0-1: Ground out 6-3 (Groundball, 6)
Batting: RHB Albert Lutz 0-0: Foul Ball, location: 2F
0-1: Swinging Strike
0-2: Strikes out looking
Bottom of the 8th over - 0 run(s), 0 hit(s), 0 error(s), 0 left on base; Trenton 4 - Allentown 2
TOP OF THE 9TH
Trenton Stars batting - Pitching for Allentown Hillbillies : LHP Alejandro Castillo
Batting: LHB Lee Burton 0-0: SINGLE (Flyball, 8LS)
Batting: RHB Rafael Canales 0-0: Ball
1-0: DOUBLE (Line Drive, 7D)
Lee Burton to third
Batting: RHB Gabriel Villegas 0-0: Intentional Walk
Batting: RHB David Nava 0-0: Fly out, F9 (Flyball, 9D)
Runner from 3rd tags up, SCORES, no throw
Batting: RHB Felipe Olivas 0-0: Ball
1-0: Ball
2-0: Ball
3-0: Called Strike
3-1: Base on Balls
Rafael Canales to third
Gabriel Villegas to second
Batting: RHB George Reeves 0-0: Ball
1-0: Called Strike
1-1: Ball
2-1: Ball
3-1: SINGLE (Groundball, 6D)
Rafael Canales scores
Gabriel Villegas to third
Felipe Olivas to second
Runner from 3rd tries for Home, SAFE, throw made home
Felipe Olivas to third
George Reeves to second
Batting: SHB Nick Marshall 0-0: Foul Ball, location: 2F
0-1: Fly out, F8 (Flyball, 8RM)
Runner from 3rd tags up, SCORES, throw made
Batting: LHB Marvin Morris 0-0: Called Strike
0-1: Ball
1-1: Ball
2-1: Ball
3-1: Base on Balls
Batting: RHB Clancy Booker 0-0: Ball
1-0: Foul Ball, location: 2F
1-1: Ball
2-1: SINGLE (Groundball, 4MD)
George Reeves to third
Marvin Morris to second
Runner from 3rd tries for Home, SAFE, no throw
Batting: LHB Lee Burton 0-0: Ball
1-0: Fly out, F8 (Flyball, 8LS)
Top of the 9th over - 5 run(s), 4 hit(s), 0 error(s), 2 left on base; Trenton 9 - Allentown 2
BOTTOM OF THE 9TH
Allentown Hillbillies batting - Pitching for Trenton Stars : LHP Halewijn Tipping
Now at 1B: Joe Fisher
Now at 2B: José Barajas
Batting: RHB Carl Brown 0-0: Called Strike
0-1: Ball
1-1: Called Strike
1-2: Ball
2-2: Fly out, F9 (Flyball, 9S)
Batting: RHB Joel Jackson 0-0: Ball
1-0: Ball
2-0: Ball
3-0: Called Strike
3-1: Called Strike
3-2: Fly out, F9 (Flyball, 9S)
Batting: RHB Dan Banks 0-0: Foul Ball, location: 2F
0-1: Called Strike
0-2: Ball
1-2: Strikes out swinging
Bottom of the 9th over - 0 run(s), 0 hit(s), 0 error(s), 0 left on base; Trenton 9 - Allentown 2
Thursday, March 30th, 2017 - OOTP Baseball 17.12 Build 75